Map: Apotheosis LE

Players

nipnap

  • Race: Terran Terran
  • League: Silver

Gracz - Winner!

  • Race: Protoss Protoss
  • League: Silver

VOD

Have the link to the VOD?

Description

Time

  • Played on: Oct. 12, 2016, 12:33 p.m.
  • Length: 20:05
Show
View Real Time Build Order
Export as new Build Order

nipnap Terran 

Build Orders:  

Get SALT Encoding   

  12  0:11  Supply Depot  
  12  0:13  SCV  
  13  0:25  SCV  
  14  0:36  Barracks  
  14  0:51  Barracks  
  14  1:02  Barracks  
  14  1:16  Barracks  
  14  1:17  SCV  
  15  1:29  SCV  
  15  1:31  Marine  
  17  1:40  Marine  
  18  1:50  Marine  
  18  1:53  Marine  
  20  1:58  Marine  
  21  2:04  Orbital Command  
  21  2:07  Marine x2  
  23  2:33  Marine x4, SCV  
  28  2:48  Supply Depot  
  28  2:51  Marine x3  
  31  3:10  Marine x4  
  31  3:12  Refinery  
  35  3:27  Marine x4  
  39  3:35  Supply Depot  
  39  3:52  Marine  
  26  5:01  Marine  
  26  5:04  Barracks Tech Lab  
  26  5:06  Barracks Tech Lab  
  23  5:18  Barracks Tech Lab, Marine  
  23  5:27  Command Center  
  21  5:30  Marauder  
  21  5:33  Marauder  
  25  5:36  Marine  
  26  5:45  Refinery  
  26  5:50  Marauder  
  26  5:51  Marauder  
  26  5:54  Marine, Marauder  
  33  6:02  SCV  
  34  6:12  Marine  
  34  6:13  Marauder  
  34  6:14  SCV  
  34  6:16  Marauder  
  40  6:19  Marauder  
  40  6:20  Engineering Bay  
  42  6:26  SCV  
  43  6:33  Barracks Reactor  
  43  6:34  Marauder  
  43  6:37  Marauder  
  43  6:38  SCV  
  48  6:40  Refinery  
  48  6:50  SCV  
  49  6:56  Missile Turret  
  49  7:03  Planetary Fortress  
  49  7:04  Refinery  
  49  7:11  Marauder  
  49  7:13  Marauder  
  53  7:18  Supply Depot  
  53  7:22  SCV  
  54  7:30  Terran Infantry Weapons Level 1  
  54  7:32  Marine x2  
  54  7:34  SCV  
  57  7:43  SCV  
  58  7:49  Marine  
  58  7:50  Marine  
  60  7:55  SCV  
  60  7:56  Supply Depot  
  61  8:00  Marauder  
  61  8:02  Marauder  
  65  8:06  Marauder  
  65  8:07  Marine  
  65  8:08  Marine  
  69  8:15  SCV  
  70  8:25  Marine, SCV  
  70  8:26  Marine  
  73  8:27  SCV  
  74  8:36  Factory  
  74  8:39  SCV  
  74  8:41  Marauder  
  77  8:51  SCV  
  78  9:04  SCV  
  78  9:05  Marauder  
  81  9:10  Marauder  
  81  9:15  Marauder  
  81  9:16  SCV  
  86  9:23  Factory Tech Lab  
  86  9:25  Terran Infantry Armor Level 1  
  86  9:28  Starport, SCV  
  87  9:40  SCV  
  88  9:52  SCV  
  89  9:57  Siege Tank  
  92  10:04  SCV  
  93  10:07  Command Center  
  93  10:11  Starport Tech Lab  
  93  10:13  Fusion Core  
  93  10:29  Siege Tank  
  51  10:59  Marauder  
  51  11:00  Marine  
  51  11:01  Marine  
  51  11:03  Weapon Refit  
  51  11:07  Battlecruiser  
  57  11:15  Missile Turret  
  57  11:16  Marauder  
  59  11:18  Marine  
  59  11:19  Marine, Marauder  
  59  11:20  Marauder  
  65  11:30  Planetary Fortress  
  65  11:36  Marine x2, Refinery  
  67  11:42  Marauder  
  67  11:47  Behemoth Reactor  
  69  11:51  Starport  
  69  11:54  Marine x2  
  71  12:11  Battlecruiser  
  71  12:14  SCV  
  78  12:21  Missile Turret  
  78  12:26  SCV  
  78  12:29  Starport Tech Lab  
  79  12:36  Starport  
  79  12:39  SCV  
  80  12:50  Missile Turret  
  80  12:51  SCV  
  81  12:55  Battlecruiser  
  87  13:03  SCV  
  88  13:09  Missile Turret  
  88  13:14  Armory, Hi-Sec Auto Tracking  
  88  13:16  Battlecruiser  
  94  13:25  Starport Tech Lab  
  94  13:28  Starport  
  94  13:48  Refinery  
  94  13:56  Battlecruiser  
  100  14:04  Terran Vehicle Weapons Level 1  
  100  14:11  Building Armor  
  100  14:23  SCV  
  101  14:34  Battlecruiser  
  101  14:35  SCV  
  108  14:39  Supply Depot  
  108  14:41  Starport Tech Lab  
  108  14:53  Battlecruiser  
  114  15:02  Supply Depot  
  114  15:06  Battlecruiser  
  120  15:24  Battlecruiser  
  126  15:34  Command Center  
  126  15:43  Battlecruiser  
  132  15:51  Neosteel Frame  
  132  15:59  Terran Vehicle And Ship Armor Level 1  
  132  16:01  Battlecruiser  
  138  16:17  Refinery  
  138  16:19  Battlecruiser  
  141  16:37  Missile Turret  
  141  16:47  Refinery  
  105  17:05  SCV  
  89  17:17  SCV  
  62  17:33  SCV  
  51  17:45  SCV  
  51  17:46  Viking  
  51  17:48  Viking  
  51  17:50  Viking  
  52  17:53  Terran Ship Weapons Level 1  
  52  18:01  Missile Turret  
  52  18:04  Missile Turret  
  49  18:05  Missile Turret  
  43  18:16  Viking  
  43  18:18  Marine x2, Viking  
  49  18:20  Viking  
  45  18:36  Marine x2  
  45  18:45  SCV  
  45  18:46  Viking  
  45  18:48  Viking  
  50  18:50  Viking  
  46  18:57  SCV  
  43  19:04  Marine  
  43  19:07  Marine  
  43  19:09  SCV  
  43  19:10  Marine x2  
  43  19:16  Viking  
  47  19:18  Viking  
  47  19:21  SCV  
  47  19:22  Marine  
  51  19:25  Marine  
  51  19:27  Marine  
  53  19:33  SCV  
  46  19:40  Marine  
  46  19:43  Marine  
Show
View Real Time Build Order
Export as new Build Order

Gracz Protoss - Winner!

Build Orders: 1 Gate Expand 

Get SALT Encoding   

  12  0:01  Probe (Chrono Boost)  
  13  0:14  Pylon  
  13  0:22  Probe (Chrono Boost)  
  14  0:30  Assimilator  
  14  0:32  Probe (Chrono Boost)  
  15  0:39  Pylon  
  16  0:43  Probe (Chrono Boost)  
  16  0:58  Gateway  
  16  1:02  Probe (Chrono Boost)  
  17  1:13  Probe (Chrono Boost)  
  18  1:37  Probe (Chrono Boost)  
  19  1:40  Nexus  
  19  1:48  Probe (Chrono Boost)  
  20  1:54  Cybernetics Core  
  20  1:59  Probe (Chrono Boost)  
  21  2:04  Assimilator  
  21  2:09  Probe (Chrono Boost)  
  22  2:23  Gateway  
  22  2:24  Warp Gate  
  22  2:30  Gateway  
  22  2:32  Gateway  
  22  2:38  Adept  
  24  2:49  Mothership Core (Chrono Boost)  
  26  3:02  Probe (Chrono Boost)  
  27  3:08  Probe (Chrono Boost)  
  27  3:09  Adept  
  27  3:11  Adept  
  31  3:13  Probe (Chrono Boost)  
  34  3:20  Probe (Chrono Boost)  
  34  3:25  Probe (Chrono Boost)  
  35  3:33  Probe (Chrono Boost)  
  38  3:35  Adept  
  38  3:36  Adept  
  38  3:37  Probe (Chrono Boost)  
  35  4:04  Pylon  
  35  4:06  Pylon  
  35  4:09  Pylon  
  37  4:37  Adept  
  37  4:42  Stalker  
  37  4:43  Stalker  
  41  4:51  Stalker  
  33  5:03  Stalker  
  33  5:04  Stalker  
  33  5:44  Pylon  
  33  5:46  Pylon  
  33  5:48  Pylon  
  33  5:50  Nexus  
  33  5:53  Assimilator  
  33  5:55  Pylon  
  33  5:57  Pylon  
  33  5:59  Assimilator  
  33  6:10  Nexus, Gateway  
  33  6:12  Gateway  
  33  6:14  Gateway  
  33  6:33  Stalker x3  
  39  6:43  Twilight Council  
  39  6:51  Pylon  
  39  6:57  Probe (Chrono Boost)  
  41  7:09  Stalker, Probe (Chrono Boost)  
  44  7:16  Probe (Chrono Boost)  
  44  7:19  Blink  
  46  7:23  Mothership Core (Chrono Boost)  
  46  7:26  Probe (Chrono Boost)  
  46  7:28  Probe (Chrono Boost)  
  48  7:37  Probe (Chrono Boost)  
  49  7:39  Probe (Chrono Boost)  
  49  7:42  Stalker  
  49  7:43  Probe (Chrono Boost)  
  53  7:46  Sentry  
  53  7:47  Sentry, Probe (Chrono Boost)  
  53  7:49  Sentry  
  53  7:50  Probe (Chrono Boost)  
  61  8:10  Stalker x2  
  61  8:11  Stalker x3  
  71  8:22  Robotics Facility  
  71  8:24  Robotics Facility  
  71  8:36  Stargate  
  71  8:48  Stalker x3  
  73  8:52  Probe x2 (Chrono Boost)  
  73  8:53  Probe (Chrono Boost)  
  80  8:58  Pylon  
  80  9:02  Pylon  
  80  9:05  Probe (Chrono Boost)  
  80  9:07  Stalker  
  83  9:19  Stargate  
  83  9:24  Stargate  
  83  9:39  Robotics Bay  
  83  9:46  Probe x2 (Chrono Boost)  
  83  9:47  Probe (Chrono Boost)  
  83  9:49  Stalker x2  
  90  9:53  Stalker  
  90  9:57  Probe (Chrono Boost)  
  94  10:00  Probe (Chrono Boost)  
  94  10:03  Immortal  
  98  10:17  Pylon  
  98  10:21  Stalker x4  
  92  10:40  Stalker x2  
  76  10:44  Stalker  
  60  11:04  Stalker x2  
  60  11:05  Stalker  
  60  11:06  Stalker  
  60  11:07  Stalker x2  
  60  11:09  Sentry  
  72  11:15  Pylon  
  72  11:22  Colossus  
  72  11:25  Assimilator  
  72  11:30  Assimilator  
  78  11:58  Fleet Beacon  
  78  12:04  Stalker x2  
  78  12:05  Stalker x2  
  78  12:06  Stalker  
  88  12:13  Disruptor  
  91  12:24  Nexus  
  91  12:25  Stalker x2  
  91  12:28  Pylon  
  95  12:31  Pylon  
  95  12:36  Pylon  
  95  12:55  Stalker x3  
  95  12:57  Tempest, Stalker x4  
  113  13:08  Observer  
  113  13:11  Immortal  
  118  13:33  Assimilator  
  118  13:35  Assimilator  
  118  13:38  Stalker x2  
  118  13:39  Stalker  
  118  13:40  Stalker  
  126  13:54  Probe x2 (Chrono Boost)  
  126  13:55  Colossus, Probe (Chrono Boost)  
  130  13:56  Probe (Chrono Boost)  
  130  14:01  Tempest  
  136  14:05  Probe (Chrono Boost)  
  136  14:08  Probe (Chrono Boost)  
  142  14:15  Stalker  
  144  14:28  Immortal  
  144  14:29  Tempest  
  152  14:40  Tempest  
  152  14:45  Sentry  
  158  14:49  Immortal  
  162  15:03  Tempest  
  166  15:22  Tempest  
  170  15:44  Pylon  
  170  15:49  Pylon  
  170  16:02  Tempest, Immortal  
  95  17:30  Stalker x4  
  95  17:31  Stalker x3  
  105  17:40  Immortal  
  105  17:42  Tempest  
  101  17:45  Immortal  
  101  17:48  Tempest x2  
  118  18:12  Colossus  
  124  18:25  Immortal  
  128  18:30  Tempest  
  118  19:01  Disruptor  
  118  19:03  Colossus  
  127  19:13  Stalker x4  
  156  19:51  Stalker x2  
Tags
 
Add a new tag
Caveats
  • Supply blocks, unpowered buildings, or Contaminate may cause inaccurate times.
  • Supply counts are checked every 10 seconds.